 Dungeon Sprint DCSS version 0.22.1-5-g62c59d9 (webtiles) character file.

7 theY the Sneak (level 1, -1/9 HPs)
             Began as a Spriggan Enchanter on Jan 9, 2019.
             Was a Follower of Dithmenos.
             Slain by a river rat (2 damage)
             ... in the Dungeon (Sprint VII: "The Pits").
             The game lasted 00:01:00 (222 turns).

theY the Sneak (Spriggan Enchanter)                  Turns: 222, Time: 00:01:01

Health: -1/9       AC:  2    Str:  4    XL:     1   Next: 83%
Magic:  5/5        EV: 18    Int: 16    God:    Dithmenos [*.....]
Gold:   0          SH:  0    Dex: 16    Spells: 5/6 levels left

rFire    . . .     SeeInvis +   c - +2 dagger
rCold    . . .     Gourm    .   (shield restricted)
rNeg     . . .     Faith    .   b - +0 robe
rPois    .         Spirit   .   (helmet restricted)
rElec    .         Reflect  .   (no cloak)
rCorr    .         Harm     .   (gloves unavailable)
MR       .....     NoTele   +   (boots unavailable)
Stlth    ++++......             (no amulet)
HPRegen  0.03/turn              (no ring)
MPRegen  0.09/turn              (no ring)

@: wreathed by umbra, very quick
A: very small, unfitting armour, see invisible, herbivore, speed 3, slow
metabolism 2
a: Renounce Religion


You were in the Dungeon.
You worshipped Dithmenos.
Dithmenos was aware of your devotion.
You were not hungry.

You visited 1 branch

Inventory:

Hand Weapons
 a - a +1 dagger
 c - a +2 dagger (weapon)
Armour
 b - a +0 robe (worn)
Scrolls
 j - a scroll of blinking
 l - 3 scrolls of remove curse
 m - 5 scrolls of amnesia
 n - a scroll of summoning
 o - 2 scrolls of vulnerability
Potions
 e - a potion of curing
 f - a potion of heal wounds
 g - a potion of haste
 h - 4 potions of magic
 i - 3 potions of berserk rage
 k - 2 potions of invisibility
Comestibles
 d - 9 rations


   Skills:
 + Level 1.5 Short Blades
 + Level 3.2 Dodging
 + Level 5.2 Stealth
 + Level 3.0 Spellcasting
 + Level 4.9 Hexes


You had 5 spell levels left.
You knew the following spells:

 Your Spells              Type           Power        Failure   Level  Hunger
a - Corona                Hex            ###....      2%          1    #......

Your spell library contained the following spells:

 Spells                   Type           Power        Failure   Level  Hunger
 Confuse                  Hex            ###.....     8%          3    ###....
 Tukima's Dance           Hex            ###.....     8%          3    ###....
 Ensorcelled Hibernation  Hex/Ice        ##....       11%         2    ##.....
 Dazzling Spray           Conj/Hex       ##....       21%         3    ###....


Dungeon Overview and Level Annotations

Branches:
Dungeon (1/1)

Altars:
Ashenzari
Cheibriados
Dithmenos
Elyvilon
Fedhas
Gozag
Hepliaklqana
Kikubaaqudgha
Makhleb
Nemelex Xobeh
Okawaru
Qazlal
Ru
Sif Muna
Trog
Uskayaw
Vehumet
Wu Jian
Xom
Yredelemnul
Zin
The Shining One
Beogh
Jiyva
Lugonu


Innate Abilities, Weirdness & Mutations

You are very small and have problems with some larger weapons.
You are too small for most types of armour.
You have supernaturally acute eyesight. (SInv)
You are a herbivore.
You cover ground extremely quickly.
You need to consume almost no food.


Message History

HP restored.
You open the door.
A river rat comes into view.
A rat comes into view.
There is an open door here.
The helpless rat fails to defend itself.
You impale the rat!!
You kill the rat!
Dithmenos accepts your kill.
You hit the river rat but do no damage. The river rat barely misses you.
There is an open door here.
Things that are here:
a frilled lizard corpse; a jackal corpse x2
You see here a goblin corpse.
There is an open door to the Storerooms (Easy) here.
The river rat bites you!
Ouch! That really hurt!
* * * LOW HITPOINT WARNING * * *
The river rat bites you.
You die...

########### _________.#
_________.#
_______...###########++###
#########'##..............
..(.')))'.##......#..#....
#########.##..............
.......†.†.'....@r........
+#####'#####......#..#....
#.....# #..............
#.....# ####'#####++##
###'### #.......# #...†.#
#.......# #.....#
#.......# ####+##
#...<...# #.......#


You could see a river rat.

Vanquished Creatures
  A goblin (D)
  3 jackals (D)
  A frilled lizard (D)
  A rat (D)
6 creatures vanquished.

Notes
Turn   | Place    | Note
-------+----------+-------------------------------------------
     0 | D        | theY the Spriggan Enchanter began the quest for the Orb.
     0 | D        | Reached XP level 1. HP: 9/9 MP: 5/5
    17 | D        | Found a bloodstained altar of Trog.
    17 | D        | Found a deep blue altar of Sif Muna.
    17 | D        | Found a viscous altar of Jiyva.
    17 | D        | Found a hazy altar of Hepliaklqana.
    17 | D        | Found an opulent altar of Gozag.
    18 | D        | Found a glowing golden altar of the Shining One.
    18 | D        | Found a glowing silver altar of Zin.
    18 | D        | Found a basalt altar of Yredelemnul.
    18 | D        | Found a shimmering altar of Xom.
    18 | D        | Found an ornate altar of the Wu Jian Council.
    18 | D        | Found a sacrificial altar of Ru.
    18 | D        | Found a stormy altar of Qazlal.
    18 | D        | Found an iron altar of Okawaru.
    18 | D        | Found a sparkling altar of Nemelex Xobeh.
    18 | D        | Found a burning altar of Makhleb.
    18 | D        | Found a blossoming altar of Fedhas.
    18 | D        | Found a white marble altar of Elyvilon.
    18 | D        | Found a shadowy altar of Dithmenos.
    18 | D        | Found a snail-covered altar of Cheibriados.
    20 | D        | Found a corrupted altar of Lugonu.
    20 | D        | Found a radiant altar of Vehumet.
    20 | D        | Found a roughly hewn altar of Beogh.
    21 | D        | Found a shattered altar of Ashenzari.
    21 | D        | Found an ancient bone altar of Kikubaaqudgha.
    21 | D        | Found a hide-covered altar of Uskayaw.
    26 | D        | Became a worshipper of Dithmenos the Shadowed
    72 | D        | Reached skill level 5 in Stealth
    86 | D        | Reached * piety under Dithmenos
   222 | D        | Slain by a river rat

Skill      XL: |  1 |
---------------+----+-----
Hexes          | 4 |  4.9
Stealth        | 5 |  5.2
Spellcasting   | 3 |  3.0
Short Blades   | |  1.5
Dodging        | |  3.2

Action                   || total
-------------------------++-------
Melee: Dagger            ||    24
 Stab: Sleeping          ||     2
Dodge: Dodged            ||    23
